 Dungeon Crawl Stone Soup version 0.22-a0-596-gfbd32a6 (webtiles) character file.

604 Gildeon the Magician (level 7, -14/36 HPs)
             Began as a Deep Elf Ice Elementalist on July 5, 2018.
             Was a Follower of Sif Muna.
             Demolished by an ogre
             ... wielding a +0 giant club
              (21 damage)
             ... on level 5 of the Dungeon.
             The game lasted 00:34:29 (4880 turns).

Gildeon the Magician (Deep Elf Ice Elementalist)    Turns: 4880, Time: 00:34:29

Health: -14/36     AC:  8    Str:  5      XL:     7   Next: 18%
Magic:  0/16       EV: 13    Int: 21 (22) God:    Sif Muna [*.....]
Gold:   254        SH:  0    Dex: 14 (15) Spells: 2/16 levels left

rFire    . . .     SeeInvis .   i - +0 dagger (venom)
rCold    . . .     Gourm    .   (no shield)
rNeg     . . .     Faith    .   a - +0 robe
rPois    .         Spirit   +   o - +0 helmet
rElec    .         Reflect  .   (no cloak)
rCorr    .         Harm     .   (no gloves)
MR       .....                  (no boots)
Stlth    +++.......             l - amulet of guardian spirit
HPRegen  0.12/turn              k - +3 ring of protection
MPRegen  0.15/turn              (no ring)

@: no status effects
A: iridescent scales 1, deterioration 1
a: Divine Energy, Renounce Religion


You were on level 5 of the Dungeon.
You worshipped Sif Muna.
Sif Muna was aware of your devotion.
You were not hungry.

You visited 2 branches of the dungeon, and saw 6 of its levels.

You collected 254 gold pieces.

Inventory:

Hand Weapons
 i - a +0 dagger of venom (weapon)
Armour
 a - a +0 robe (worn)
 o - a +0 helmet (worn)
Magical Staves
 f - an uncursed staff of earth
Jewellery
 k - a +3 ring of protection (left hand)
 l - an amulet of guardian spirit (around neck)
Scrolls
 g - a scroll of magic mapping
 h - 3 scrolls of noise {unknown}
 n - 2 scrolls of fog
 p - a scroll of fear
Potions
 b - a potion of flight
 d - a potion of curing
 e - 3 potions of cancellation
 q - a potion of brilliance {unknown}
 r - a potion of lignification {unknown}
 t - a potion of degeneration {unknown}
Comestibles
 c - 5 rations


   Skills:
 - Level 2.4 Dodging
 - Level 5.0 Stealth
 - Level 5.0 Spellcasting
 + Level 3.5 Conjurations
 + Level 3.8 Charms
 + Level 2.8 Summonings
 - Level 5.0 Ice Magic


You had 2 spell levels left.
You knew the following spells:

 Your Spells              Type           Power        Failure   Level  Hunger
a - Freeze                Ice            ####         1%          1    None
b - Throw Frost           Conj/Ice       ###...       2%          2    None
c - Ozocubu's Armour      Chrm/Ice       ###.....     5%          3    ##.....
d - Throw Icicle          Conj/Ice       ###.....     19%         4    ####...
e - Summon Ice Beast      Ice/Summ       ###.....     22%         4    ####...

Your spell library contained the following spells:

 Spells                   Type           Power        Failure   Level  Hunger


Dungeon Overview and Level Annotations

Branches:
Dungeon (5/15)             Temple (1/1) D:4

Altars:
Ashenzari
Cheibriados
Dithmenos
Fedhas
Gozag
Kikubaaqudgha
Okawaru
Qazlal
Ru
Sif Muna
Trog
Uskayaw
Vehumet
Wu Jian
Yredelemnul
Zin

Annotations:
D:4 Grinder


Innate Abilities, Weirdness & Mutations

You are partially covered in iridescent scales. (AC +2)
Your body sometimes deteriorates upon taking damage.


Message History

You can't see any susceptible monsters within range! (Use Z to cast anyway.) Unknown command.
Casting: Freeze (safe; 1% risk of failure)
Confirm with . or Enter, or press ? or * to list all spells.
Aiming: Freeze (safe; 1% risk of failure)
Press: ? - help, Shift-Dir - straight line, f/p - ogre
Aim: an ogre, wielding a giant club (severely wounded)
You freeze the ogre.
The ogre is severely wounded.
The ogre closely misses you.
Casting: Freeze (safe; 1% risk of failure)
Confirm with . or Enter, or press ? or * to list all spells.
Aiming: Freeze (safe; 1% risk of failure)
Press: ? - help, Shift-Dir - straight line, f/p - ogre
Aim: an ogre, wielding a giant club (severely wounded)
You freeze the ogre.
The ogre is severely wounded.
The ogre hits you with a giant club!!
Ouch! That really hurt!
You die...

.....# .#...##########
..............########
......#######.##.....#
##...## #.##.###.#
###..# #.....##.#
.....# ####..##.#
###.## #..##.# ##'##
#@.##.# ##...##
#O....# #.....## ##
##.#### .......## ##.#
#.#
........####...##.#
........+.........#
........####....###
<......## ##.#.#
#.....## ###)#


You could see an ogre.

Vanquished Creatures
  A centaur (D:5)
  2 crimson imps (D:5)
  3 hounds
  A jelly (D:5)
  Terence (D:3)
  3 worker ants
  A worker ant zombie (D:5)
  Robin (D:3)
  10 adders
  An ooze (D:1)
  3 worms
  5 dart slugs
  A leopard gecko (D:3)
  4 orcs
  7 bats
  2 giant cockroaches
  17 goblins
  15 hobgoblins
  4 jackals (D:5)
  11 kobolds
  2 quokkas
  7 frilled lizards
  A leopard gecko zombie (D:5)
  12 rats
115 creatures vanquished.

Vanquished Creatures (others)
  A giant cockroach (D:2)
1 creature vanquished.

Grand Total: 116 creatures vanquished

Notes
Turn   | Place    | Note
-------+----------+-------------------------------------------
     0 | D:1      | Gildeon the Deep Elf Ice Elementalist began the quest for the Orb.
     0 | D:1      | Reached XP level 1. HP: 10/10 MP: 6/6
   136 | D:1      | Reached XP level 2. HP: 13/15 MP: 4/8
   140 | D:1      | Learned a level 2 spell: Throw Frost
   457 | D:1      | Reached XP level 3. HP: 12/19 MP: 7/10
   462 | D:1      | Learned a level 3 spell: Ozocubu's Armour
   910 | D:2      | Reached XP level 4. HP: 6/24 MP: 8/12
   916 | D:2      | Learned a level 4 spell: Throw Icicle
  1721 | D:2      | Found an opulent altar of Gozag.
  1899 | D:2      | Found a radiant altar of Vehumet.
  2323 | D:3      | Reached XP level 5. HP: 28/28 MP: 14/14
  2453 | D:3      | Noticed Robin
  2486 | D:3      | Killed Robin
  2511 | D:3      | Reached skill level 5 in Spellcasting
  2521 | D:3      | Learned a level 4 spell: Summon Ice Beast
  2624 | D:3      | Noticed Terence
  2630 | D:3      | Killed Terence
  2968 | D:4      | Found a shattered altar of Ashenzari.
  2972 | D:4      | Reached skill level 5 in Stealth
  2972 | D:4      | Reached skill level 5 in Ice Magic
  3219 | D:4      | Gained mutation: You occasionally shout uncontrollably at your foes. [potion of mutation]
  3219 | D:4      | Gained mutation: You tend to lose your temper in combat. [potion of mutation]
  3219 | D:4      | Gained mutation: You expend magic power (3 MP) to strengthen your wands. [potion of mutation]
  3220 | D:4      | Lost mutation: You tend to lose your temper in combat. [potion of mutation]
  3220 | D:4      | Lost mutation: You occasionally shout uncontrollably at your foes. [potion of mutation]
  3220 | D:4      | Lost mutation: You expend magic power (3 MP) to strengthen your wands. [potion of mutation]
  3220 | D:4      | Gained mutation: Your body sometimes deteriorates upon taking damage. [potion of mutation]
  3220 | D:4      | Gained mutation: You are partially covered in iridescent scales. (AC +2) [potion of mutation]
  3227 | D:4      | Found a staircase to the Ecumenical Temple.
  3235 | Temple   | Entered the Ecumenical Temple
  3264 | Temple   | Became a worshipper of Sif Muna the Loreminder
  3706 | D:4      | Found an iron altar of Okawaru.
  3706 | D:4      | Found an ancient bone altar of Kikubaaqudgha.
  3707 | D:4      | Found a shattered altar of Ashenzari.
  3719 | D:4      | Reached XP level 6. HP: 32/32 MP: 15/15
  3813 | D:4      | Reached skill level 1 in Charms
  3909 | D:4      | Noticed Grinder
  3926 | D:5      | Entered Level 5 of the Dungeon
  3958 | D:5      | Reached skill level 1 in Summonings
  3997 | D:5      | Noticed a gargoyle
  4539 | D:5      | Reached XP level 7. HP: 35/36 MP: 0/16
  4541 | D:5      | Reached * piety under Sif Muna
  4880 | D:5      | Demolished by an ogre

Vault maps used:
D:1:      shiori_arrival_maze
D:2:      fiery_altar_vehumet, overflow_temple_1_default,
          kennysheep_generic_room_15
D:3:      first_ration, st_stairs_7, minmay_box_of_dots, uniq_robin,
          uniq_terence
D:4:      gammafunk_temple_overflow_claw, minmay_temple_entry_statues_fountains,
          ashenzari_altar_1, uniq_grinder
D:5:      cheibrodos_two_vegetables, glass_columns_c, uniq_blork_the_orc
Temple:   jpeg_temple_clearing

Skill      XL: |  1  2  3  4  5  6 |
---------------+-------------------+-----
Stealth        | 3 4 5 |  5.0
Spellcasting   | 4 5 |  5.0
Ice Magic      | 4 5 |  5.0
Conjurations   | 2 3 |  3.5
Charms         | 3 |  3.8
Summonings     | 2 |  2.8
Dodging        | |  2.4

Action                   |  1- 3 |  4- 6 |  7- 9 || total
-------------------------+-------+-------+-------++-------
Melee: Dagger            |    10 |    52 |     4 ||    66
 Cast: Freeze            |    52 |   110 |    15 ||   177
       Throw Frost       |       |    10 |       ||    10
       Ozocubu's Armour  |       |     1 |       ||     1
  Use: Scroll            |     2 |    15 |       ||    17
       Potion            |       |     6 |       ||     6
 Stab: Sleeping          |     4 |     9 |       ||    13
       Distracted        |       |     1 |       ||     1
  Eat: Chunk             |       |     4 |     1 ||     5
       Ration            |       |     2 |       ||     2
Armor: Robe              |    12 |    34 |     9 ||    55
Dodge: Dodged            |    37 |    77 |     8 ||   122

Table legend:
 A = Spawn XP
 B = Non-spawn XP
 C = Spawn XP percentage of total XP
 D = Spawn monster count
 E = Non-spawn monster count
 F = Spawn count percentage of total count
 G = Total turns spent on level
                    A         B        C        D         E        F      G
               +---------+---------+-------+---------+---------+-------+---------
         Total |       0 |     864 |   0.0 |       0 |     115 |   0.0 |  4880
               +---------+---------+-------+---------+---------+-------+---------
           D:1 |       0 |      60 |   0.0 |       0 |      32 |   0.0 |   848
           D:2 |       0 |     101 |   0.0 |       0 |      27 |   0.0 |  1193
           D:3 |       0 |     150 |   0.0 |       0 |      34 |   0.0 |   917
           D:4 |       0 |     103 |   0.0 |       0 |       5 |   0.0 |   867
           D:5 |       0 |     450 |   0.0 |       0 |      17 |   0.0 |   954
               +---------+---------+-------+---------+---------+-------+---------
